[Event "Early-Titled-Tuesday-Blitz-January-16-2024"]
[Site "Chess.com"]
[Date "2024.01.16"]
[Round "10"]
[White "Grandelicious"]
[Black "Timerkhanov"]
[Result "0-1"]
[WhiteElo "2902"]
[BlackElo "2676"]
[TimeControl "180+1"]
[EndTime "9:57:52 PST"]
[Termination "Timerkhanov won by resignation"]

1. g3 d5 2. Bg2 c6 3. Nf3 Nf6 4. O-O g6 5. b3 Bg7 6. Bb2 O-O 7. c4 a5 8. Nc3 Ne4 9. Na4 Bxb2 10. Nxb2 d4 11. e3 dxe3 12. fxe3 Bg4 13. d4 Nd7 14. Qc2 Nd6 15. Nd3 Nf5 16. Qf2 Bxf3 17. Bxf3 a4 18.
b4 a3 19. Rac1 e6 20. e4 Ng7 21. Qe3 Qe7 22. Bg2 Rad8 23. Rc3 b5 24. c5 Nf6 25. Ne5 Rc8 26. Rxa3 h5 27. Ra6 Ng4 28. Qf4 g5 29.
Qf3 Nxe5 30. dxe5 g4 31. Qf6 Qb7 32. Ra3 Ra8 33. Rd3 Rxa2 34. h3 gxh3 35. Bxh3 Rfa8 36. Rdf3 R8a3 37. Qg5 Rxf3 38. Rxf3 Qd7 39. Bg2 Qd4+ 40. Kh2 Qb2 41. Qd8+ Kh7 0-1

[Event "Early-Titled-Tuesday-Blitz-January-16-2024"]
[Site "Chess.com"]
[Date "2024.01.16"]
[Round "10"]
[White "karinachess1"]
[Black "NastyaHn"]
[Result "1-0"]
[WhiteElo "2613"]
[BlackElo "2343"]
[TimeControl "180+1"]
[EndTime "9:57:54 PST"]
[Termination "karinachess1 won by checkmate"]

1. d4 Nf6 2. c4 e6 3. Nc3 d5 4. cxd5 exd5 5. Bg5 Be7 6. e3 c6 7. Bd3 O-O 8. Qc2 h6 9. Bh4 Nbd7 10. Nf3 Re8 11. O-O Ne4 12. Bxe7 Qxe7 13. Rab1 a5 14. a3 Nxc3 15. Qxc3 a4 16. Bc2 Nf6 17. Nd2 Qd6 18. f3 Rd8 19. Rbe1 Be6 20. Qd3 c5 21.
Nb1 c4 22. Qd2 b5 23. Nc3 Rab8 24. Rd1 Qd7 25. e4 dxe4 26. fxe4 Bg4 27. Ne2 Qa7 28. e5 Nd5 29. h3 Bh5 30. Be4 c3 31. Nxc3 Nxc3 32.
bxc3 Bxd1 33. Qxd1 Rbc8 34. Qf3 b4 35. axb4 a3 36.
Bd5 Rc7 37. Ba2 Rf8 38. e6 Kh8 39. exf7 Qb6 40. Re1 Qd6 41. Re8 Rc8 42. Re6 Qc7 43.
Rxh6+ gxh6 44. Qf6+ Kh7 45. Bb1# 1-0

[Event "Early-Titled-Tuesday-Blitz-January-16-2024"]
[Site "Chess.com"]
[Date "2024.01.16"]
[Round "10"]
[White "koncheto"]
[Black "InitiatingASC"]
[Result "1-0"]
[WhiteElo "2585"]
[BlackElo "2431"]
[TimeControl "180+1"]
[EndTime "9:57:54 PST"]
[Termination "koncheto won by checkmate"]

1. e4 c5 2. Nf3 Nc6 3. d4 cxd4 4. Nxd4 Nf6 5. Nc3 e5 6. Ndb5 h6 7. Nd5 Nxd5 8. exd5 a6 9. dxc6 axb5 10. cxb7 Bxb7 11.
Qe2 Qc7 12. Qxb5 Ba6 13. Qa4 Bb7 14. Qb3 Bc5 15. Bd3 Bxg2 16. Rg1 Bh3 17. Rxg7 Be6 18. Qc3 Qb6 19. Qd2 Rxa2 20. Rxa2 Bxa2 21. Qe2 Be6 22. Kf1 Qc6 23. Be4 Qa4 24. Bd3 Qh4 25. Kg1 Kf8 26.
Rg3 Rg8 27. Be3 Bxe3 28. Qxe3 Qb4 29. Qxh6+ Ke7 30. Rxg8 Qe1+ 31. Kg2 Bd5+ 32. Kh3 f6 33. Rg7+ Kd6 34. Qxf6+ Kc5 35. Qf8+ Kc6 36. Qc8+ Kd6 37. Rxd7+ Ke6 38. Qe8+ Kf6 39. Qe7# 1-0

[Event "Early-Titled-Tuesday-Blitz-January-16-2024"]
[Site "Chess.com"]
[Date "2024.01.16"]
[Round "10"]
[White "Mops_2004"]
[Black "masterofpuppets2"]
[Result "1-0"]
[WhiteElo "2674"]
[BlackElo "2532"]
[TimeControl "180+1"]
[EndTime "9:57:55 PST"]
[Termination "Mops_2004 won on time"]

1. Nf3 d5 2. e3 Nf6 3. c4 e6 4. Nc3 Bd6 5. b3 O-O 6. Bb2 dxc4 7. bxc4 e5 8. Nb5 e4 9. Nxd6 Qxd6 10. Ne5 Re8 11. f4 exf3 12. Nxf3 Nc6 13. Be2 Bg4 14. O-O Rad8 15. Qb3 Ne4 16. Rad1 b6 17. d4 Qh6 18. Bc1 Ne7 19. Bd3 Nf5 20. Qc2 Qe6 21. h3 Bxf3 22. Rxf3 g6 23. g4 Nh4 24. Rf4 Ng5 25. Bf1 c5 26.
Qf2 Nhf3+ 27. Kh1 cxd4 28. exd4 Qc6 29. Bg2 Qxc4 30. h4 Nxh4 31. Qxh4 Ne6 32. Rff1 Rc8 33. Bh6 Qc2 34. d5 Rc4 35. dxe6 fxe6 36. Qf6 1-0

[Event "Early-Titled-Tuesday-Blitz-January-16-2024"]
[Site "Chess.com"]
[Date "2024.01.16"]
[Round "10"]
[White "Gryffindorac8"]
[Black "ural58"]
[Result "0-1"]
[WhiteElo "2365"]
[BlackElo "2482"]
[TimeControl "180+1"]
[EndTime "9:57:55 PST"]
[Termination "ural58 won by resignation"]

1. d4 d5 2. c4 e5 3. dxe5 d4 4.
Nf3 Nc6 5. g3 Nge7 6. Bg2 Ng6 7.
O-O Ngxe5 8. Nxe5 Nxe5 9. b3 Be7 10. Bb2 c5 11. Nd2 O-O 12. a3 Qc7 13. b4 Be6 14.
bxc5 Rad8 15. Qb3 Bxc5 16. Rac1 b6 17. Rfd1 Rfe8 18. Ne4 h6 19. Nxc5 bxc5 20. e3 Bg4 21.
exd4 Bxd1 22. Rxd1 cxd4 23. Bxd4 Qxc4 24. Qxc4 Nxc4 25.
Bf3 Re7 26. Bc3 Rxd1+ 27. Bxd1 Nxa3 28. Bb4 Re4 29. Ba5 Nc4 30. Bc3 Re8 31. Bf3 Ne5 32. Bd5 Ng4 33. Kg2 Re2 34. Kf3 Rc2 35. Be1 Ne5+ 36.
Ke4 Nd7 37. Bb4 Nf6+ 38. Ke5 Nxd5 39. Kxd5 Rxf2 40. h4 Rf3 41. Bd6 Rd3+ 42. Kc6 Rxd6+ 43. Kxd6 0-1

[Event "Early-Titled-Tuesday-Blitz-January-16-2024"]
[Site "Chess.com"]
[Date "2024.01.16"]
[Round "10"]
[White "krzyzan94"]
[Black "IMRosen"]
[Result "1/2-1/2"]
[WhiteElo "2810"]
[BlackElo "2666"]
[TimeControl "180+1"]
[EndTime "9:57:56 PST"]
[Termination "Game drawn by stalemate"]

1. Nf3 d5 2. e3 Nf6 3. c4 e6 4. b3 a6 5. Bb2 b6 6. Nc3 Bb7 7.
cxd5 exd5 8. Qc2 Nbd7 9. Ne2 c5 10. Ng3 g6 11. Be2 Bg7 12. O-O O-O 13. d4 Rc8 14. dxc5 bxc5 15. Rfd1 Qb6 16. Rac1 Rfd8 17. Qb1 Bc6 18.
Qa1 a5 19. Ne5 Nxe5 20. Bxe5 Ne8 21. Bf3 d4 22. Bxg7 Nxg7 23. Bxc6 Rxc6 24. exd4 cxd4 25. Rxc6 Qxc6 26. Rxd4 Rxd4 27. Qxd4 Qc1+ 28. Nf1 Ne6 29. Qd2 Qc5 30. Ne3 Nf4 31. h3 Qc1+ 32. Qxc1 Ne2+ 33. Kf1 Nxc1 34. Nc4 Nxa2 35. Nxa5 Nb4 36. Ke2 Kg7 37. Nc4 Kf6 38. Kd2 Kf5 39. Kc3 Nd5+ 40. Kd4 Ke6 41. Ne3 Nf4 42. b4 f5 43. b5 Kd6 44. h4 Ne6+ 45. Kc4 h6 46. h5 f4 47. Ng4 gxh5 48. Nxh6 h4 49. Nf5+ Ke5 50. Nxh4 Ke4 51. Nf3 Nc7 52. Kc5 Ne6+ 53. Kc6 Kd3 54. b6 Nd8+ 55. Kc7 Ne6+ 56. Kd6 Nd8 57. Ke5 Kc4 58. Kxf4 Kc5 59. g4 Kxb6 60. Ke5 Kc6 61. Kf6 Kd6 62. g5 Ne6 63. g6 Nc7 64. g7 Kc6 65. g8=Q Kb7 66. Qf7 Kb8 67. Qxc7+ Ka8 68. Ne5 1/2-1/2

[Event "Early-Titled-Tuesday-Blitz-January-16-2024"]
[Site "Chess.com"]
[Date "2024.01.16"]
[Round "10"]
[White "FormerProdigy"]
[Black "Njal28"]
[Result "1-0"]
[WhiteElo "3026"]
[BlackElo "3027"]
[TimeControl "180+1"]
[EndTime "9:57:57 PST"]
[Termination "FormerProdigy won on time"]

1. d4 Nf6 2. c4 c5 3. d5 g6 4.
Nc3 Bg7 5. e4 d6 6. h3 O-O 7.
Nf3 e6 8. Bd3 exd5 9. exd5 Re8+ 10. Be3 Rxe3+ 11. fxe3 Nbd7 12. O-O Qe7 13. Qe1 b6 14. Qf2 Ba6 15. Rae1 Rf8 16. Kh1 Ne5 17. Nxe5 Qxe5 18. Qf4 Qe7 19. Qg5 h6 20. Qh4 Nxd5 21.
Qxe7 Nxe7 22. Rc1 d5 23. b3 Rd8 24. Rfd1 Bxc3 25. Rxc3 dxc4 26. bxc4 Nf5 27. Bc2 Ng3+ 28. Kh2 Rxd1 29. Bxd1 Ne4 30. Ra3 Bxc4 31. Rxa7 b5 32. a3 Kg7 33. Rc7 Nc3 34. Bc2 Nd5 35.
Rxc5 Nxe3 36. Be4 Nf1+ 37. Kg1 Ng3 38. Bf3 Nf5 39. a4 Bd3 40. Rc3 Bc4 41. a5 Ne7 42. Bb7 1-0

[Event "Early-Titled-Tuesday-Blitz-January-16-2024"]
[Site "Chess.com"]
[Date "2024.01.16"]
[Round "10"]
[White "GalaxyRoman"]
[Black "NoHeThTo"]
[Result "1-0"]
[WhiteElo "2875"]
[BlackElo "2713"]
[TimeControl "180+1"]
[EndTime "9:57:57 PST"]
[Termination "GalaxyRoman won by resignation"]

1. e4 c5 2. Nc3 g6 3. f4 Bg7 4. Nf3 Nc6 5. Bb5 Nd4 6. O-O e6 7. e5 a6 8. Bd3 d6 9. Ne4 Nxf3+ 10. Qxf3 d5 11. Nd6+ Kf8 12. c4 Ne7 13. b4 cxb4 14.
Bb2 Bd7 15. c5 Bc6 16. g4 h5 17. h3 hxg4 18. hxg4 d4 19. Be4 Nd5 20. g5 Rh4 21. Qg3 Rh5 22. Bxd4 Ne7 23. Bxc6 bxc6 24. a3 Nf5 25.
Qd3 Ke7 26. Bf2 Nxd6 27. Qxd6+ Qxd6 28. cxd6+ Kd7 29. axb4 Bxe5 30. fxe5 Rxg5+ 31. Bg3 Rxg3+ 32. Kh2 Rg5 33. Rxf7+ Ke8 34. Rh7 Rh5+ 35. Rxh5 gxh5 36. Rg1 Kf7 37. Rf1+ Ke8 38. Rf6 a5 39. bxa5 Rxa5 40.
Rxe6+ Kd8 41. Kg3 Rd5 42. Kf4 Rxd2 43. Rh6 c5 44. Kf5 c4 45. Ke6 Kc8 46. Rh8+ Kb7 47. Rxh5 c3 48. Rh3 c2 49. Rc3 Kb6 50. d7 Kb5 51.
Rxc2 Rxc2 52. d8=Q Kb4 53. Qd5 Kc3 54. Qc5+ Kd3 55.
Qxc2+ Kxc2 56. Kd6 1-0

[Event "Early-Titled-Tuesday-Blitz-January-16-2024"]
[Site "Chess.com"]
[Date "2024.01.16"]
[Round "10"]
[White "Alexei_Kornev"]
[Black "KononenkoD"]
[Result "1-0"]
[WhiteElo "2708"]
[BlackElo "2541"]
[TimeControl "180+1"]
[EndTime "9:57:57 PST"]
[Termination "Alexei_Kornev won by checkmate"]

1. e4 c6 2. d4 d5 3. Nc3 dxe4 4. Nxe4 Bf5 5. Ng3 Bg6 6. h4 h6 7. Nf3 Nd7 8. Bd3 Bxd3 9. Qxd3 e6 10. Bf4 Qa5+ 11. c3 Ngf6 12. O-O Be7 13. Rfe1 O-O 14. Nf5 exf5 15. Rxe7 Rfe8 16. b4 Qa3 17. Rae1 Rxe7 18. Rxe7 Nf8 19. Rxb7 Qxa2 20. Qxf5 Qa1+ 21. Kh2 Qxc3 22.
Be5 N8h7 23. g4 Rf8 24. d5 Qc4 25. Bxf6 Nxf6 26. g5 hxg5 27. hxg5 Qxd5 28. Qf4 Ne4 29. Ne5 Nd6 30. Rxa7 Re8 31. Ng4 Re4 32. Qf3 Nf5 33.
Ra8+ Kh7 34. Qh3+ Kg6 35. Rh8 Qd6+ 36. Kg2 Rxg4+ 37. Qxg4 Qd2 38. Qh5# 1-0

[Event "Early-Titled-Tuesday-Blitz-January-16-2024"]
[Site "Chess.com"]
[Date "2024.01.16"]
[Round "10"]
[White "noblerone"]
[Black "ChessSwole"]
[Result "0-1"]
[WhiteElo "2509"]
[BlackElo "2686"]
[TimeControl "180+1"]
[EndTime "9:57:57 PST"]
[Termination "ChessSwole won on time"]

1. e4 c5 2. Nf3 d6 3. Nc3 Nf6 4.
Bc4 e6 5. d3 Be7 6. O-O Nc6 7.
a4 O-O 8. Ba2 a6 9. Ne2 b5 10.
Ng3 Bb7 11. c3 Qc7 12. Re1 Rfd8 13. h3 Ne5 14. Nxe5 dxe5 15. Qe2 h6 16. Be3 Rd7 17.
axb5 axb5 18. Bb3 Rad8 19. Bc2 Qb8 20. Ra5 Bc6 21. Rea1 b4 22. Bxc5 bxc3 23. bxc3 Qb2 24.
Bxe7 Rxe7 25. c4 Rb7 26. R5a2 Qc3 27. Qe1 Qd4 28. Qe3 Qc3 29. Qe1 Qd4 30. Qe3 Qd6 31.
Ra8 Rbb8 32. Rxb8 Rxb8 33. Rb1 Ra8 34. Qb6 Nd7 35. Qb2 Rb8 36. Qc1 Ra8 37. Nf1 Nc5 38. Qd1 Qd4 39. Ne3 Ra2 40. Rb8+ Kh7 41. Rb1 Na4 42. Bxa4 Bxa4 43. Qf1 Rd2 44. Rc1 Rxd3 45.
c5 Qxe4 46. Ng4 Bc6 47. f3 Qd4+ 48. Kh1 e4 49. fxe4 Qxe4 50. Kh2 h5 51. Qxf7 hxg4 52. Qh5+ Kg8 53. Qe8+ Bxe8 0-1

[Event "Early-Titled-Tuesday-Blitz-January-16-2024"]
[Site "Chess.com"]
[Date "2024.01.16"]
[Round "10"]
[White "I_am_Javi"]
[Black "JMCadavid1998"]
[Result "1/2-1/2"]
[WhiteElo "2775"]
[BlackElo "2295"]
[TimeControl "180+1"]
[EndTime "9:57:59 PST"]
[Termination "Game drawn by repetition"]

1. e4 c5 2. Nf3 d6 3. d4 Nf6 4.
Nc3 cxd4 5. Nxd4 a6 6. Bc4 e5 7. Nde2 Be7 8. Bg5 Nbd7 9. Bb3 h6 10. Bxf6 Nxf6 11. f3 Be6 12. Qd3 O-O 13. O-O Rc8 14.
Rfd1 Qc7 15. Kh1 Rfd8 16. Ng3 Bf8 17. Rd2 b5 18. Rad1 Qb6 19. Nd5 Bxd5 20. Bxd5 g6 21. Bb3 h5 22. Nf1 Bh6 23. Re2 a5 24. a3 a4 25. Ba2 b4 26. axb4 Qxb4 27. c3 Qc5 28. Ne3 a3 29. Nc4 axb2 30. Rxb2 d5 31. Nxe5 dxe4 32. Qxd8+ Rxd8 33. Rxd8+ Kg7 34. Rb7 Be3 35. Rxf7+ Kh6 36. h4 Ng8 37. Rxg8 Qxe5 38. Rff8 Qg3 39. Rh8+ Kg7 40. Rhg8+ Kh6 41. Rh8+ Kg7 42.
Rhg8+ Kh6 1/2-1/2

[Event "Early-Titled-Tuesday-Blitz-January-16-2024"]
[Site "Chess.com"]
[Date "2024.01.16"]
[Round "10"]
[White "KacperKacprzak"]
[Black "Kirill_Klukin"]
[Result "0-1"]
[WhiteElo "2707"]
[BlackElo "2869"]
[TimeControl "180+1"]
[EndTime "9:58:01 PST"]
[Termination "Kirill_Klukin won by resignation"]

1. Nf3 d5 2. d4 Nf6 3. c4 e6 4.
Nc3 a6 5. cxd5 exd5 6. Bg5 Be6 7.
Bxf6 Qxf6 8. Qb3 b5 9. a4 b4 10. Nxd5 Qd8 11. e4 c6 12. Qe3 cxd5 13. exd5 Qxd5 14.
Rc1 Be7 15. Bc4 Qd6 16. Qe4 O-O 17. Qxa8 Bxc4 18. Rxc4 Qe6+ 19. Ne5 f6 20. O-O fxe5 21. Rfc1 Bg5 22. R1c2 exd4 23. g3 d3 24. Kg2 dxc2 25. Rxc2 Qf5 26. Re2 Nd7 27. Qc6 Bf6 28. b3 h6 29. h4 a5 30. Rd2 Ne5 31. Qd5+ Kh8 32. f4 Ng4 33. Qxf5 Ne3+ 34. Kf3 Nxf5 35. Rd5 Nd4+ 36. Ke4 Nxb3 37. Kd3 Rc8 38. g4 Nc5+ 39. Kc2 Nxa4+ 40. Kb3 Nc5+ 41. Kc4 b3 42. Rd1 b2 43. g5 Ne4+ 44. Kb3 Rb8+ 45. Kc2 b1=Q+ 46. Rxb1 Rxb1 47. Kxb1 hxg5 48. hxg5 Nxg5 49. fxg5 Bxg5 50. Ka2 Bd8 51. Ka3 Kh7 52. Ka4 Kh6 53. Kb5 Kh5 54.
Kc4 g5 55. Kc5 g4 56. Kc4 g3 57. Kd5 0-1

[Event "Early-Titled-Tuesday-Blitz-January-16-2024"]
[Site "Chess.com"]
[Date "2024.01.16"]
[Round "10"]
[White "Predator0608"]
[Black "lefonghua"]
[Result "1-0"]
[WhiteElo "2507"]
[BlackElo "2643"]
[TimeControl "180+1"]
[EndTime "9:58:02 PST"]
[Termination "Predator0608 won by checkmate"]

1. e4 c5 2. Nf3 g6 3. d4 cxd4 4. Nxd4 Bg7 5. Nc3 Nc6 6. Be3 Nf6 7. Bc4 Qa5 8. O-O O-O 9. Bb3 d6 10. f3 Bd7 11. Qd2 Rfc8 12. Rad1 Nxd4 13. Bxd4 Bc6 14. Rfe1 Nd7 15. Bxg7 Kxg7 16. f4 Qc5+ 17. Kh1 Rf8 18. Re3 Rad8 19. Rh3 Nf6 20. Qe1 e6 21. Qh4 Qh5 22. Qg3 Nxe4 23. Qe3 Qf5 24. Ne2 Nf2+ 25. Qxf2 Qxh3 26. Nd4 Qh5 27. c3 Be4 28. Re1 d5 29. Bd1 Qh6 30. Kg1 Rfe8 31. g4 e5 32.
fxe5 Rxe5 33. Rf1 Re7 34. Qf6+ Kg8 35. Qxe7 Rf8 36. Qf6 Qh3 37. Bf3 Bxf3 38. Qxf3 Qh4 39. Qg3 Qg5 40. Qf4 Qe7 41. g5 Re8 42. h4 a6 43. h5 gxh5 44. Nf5 Qe5 45. Nh6+ Kg7 46. Qxf7+ Kh8 47. Qf8+ Rxf8 48. Rxf8+ Kg7 49. Rg8# 1-0

[Event "Early-Titled-Tuesday-Blitz-January-16-2024"]
[Site "Chess.com"]
[Date "2024.01.16"]
[Round "10"]
[White "GMJustin"]
[Black "emeli_chess"]
[Result "1/2-1/2"]
[WhiteElo "2332"]
[BlackElo "2434"]
[TimeControl "180+1"]
[EndTime "9:58:03 PST"]
[Termination "Game drawn by repetition"]

1. d4 Nf6 2. c4 e6 3. Nc3 Bb4 4.
e3 b6 5. Ne2 Ba6 6. a3 Bxc3+ 7.
Nxc3 d5 8. b4 c5 9. bxc5 bxc5 10. Qa4+ Qd7 11. Qxd7+ Nbxd7 12. cxd5 Bxf1 13. dxe6 Bxg2 14. exd7+ Kxd7 15. Rg1 Bf3 16. Rxg7 Rhg8 17. Rg3 Rxg3 18. hxg3 cxd4 19. exd4 Nd5 20. Nxd5 Bxd5 21. Rb1 Rc8 22.
Bf4 Rc2 23. Rc1 Rxc1+ 24. Bxc1 Kc6 25. Kd2 Be4 26. Ke3 Kd5 27. Bd2 Bc2 28. Bb4 a6 29.
Bc5 Bb3 30. Kf4 Ke6 31. Kg5 Bd5 32. f4 f5 33. Kh6 Bf3 34. Kxh7 Kd5 35. Kg6 Bg4 36.
Kf6 Bh3 37. a4 Bg4 38. a5 Bh3 39. Ke7 Bg4 40. Kd7 Bh3 41. Kc7 Bg4 42. Kb7 Be2 43. Bb6 Bd3 44. Bc5 Be2 45. Kb6 Bd3 46. Kb7 Be2 1/2-1/2

[Event "Early-Titled-Tuesday-Blitz-January-16-2024"]
[Site "Chess.com"]
[Date "2024.01.16"]
[Round "10"]
[White "Louis-Paulsen-Fan"]
[Black "RCone"]
[Result "1-0"]
[WhiteElo "2332"]
[BlackElo "2424"]
[TimeControl "180+1"]
[EndTime "9:58:05 PST"]
[Termination "Louis-Paulsen-Fan won on time"]

1. d4 g6 2. Nf3 Nf6 3. c4 d6 4. Nc3 Bg7 5. e4 O-O 6. Be2 Na6 7. O-O e5 8. Re1 Bg4 9. d5 Nc5 10. Nd2 Nd3 11. Rf1 Bxe2 12. Qxe2 Nxc1 13. Raxc1 Bh6 14. Rc2 Nh5 15. g3 Qd7 16. Kg2 a5 17. Nd1 b6 18.
Ne3 Qe8 19. Nf5 Bxd2 20. Rxd2 f6 21. Nh4 f5 22. exf5 gxf5 23. f4 exf4 24. gxf4 Qf7 25. Kh1 Rae8 26. Qf3 Re4 27. Ng2 Rxc4 28. Rg1 Kh8 29.
b3 Re4 30. Qc3+ Qf6 31. Qxc7 Rg8 32. Qxb6 Nxf4 33. Qf2 Nh3 34. Qf3 Nxg1 35. Kxg1 Re1+ 36. Kf2 Ra1 37. Ne3 Rgg1 38. Qf4 Qg6 39. Ke2 1-0

[Event "Early-Titled-Tuesday-Blitz-January-16-2024"]
[Site "Chess.com"]
[Date "2024.01.16"]
[Round "10"]
[White "Willi_Skibbe"]
[Black "carloseduar100"]
[Result "1-0"]
[WhiteElo "2407"]
[BlackElo "2261"]
[TimeControl "180+1"]
[EndTime "9:58:05 PST"]
[Termination "Willi_Skibbe won by checkmate"]

1. d4 d5 2. Nf3 Nf6 3. e3 g6 4. b4 Bg7 5. Bb2 O-O 6. Be2 c6 7. a4 a6 8. b5 axb5 9. axb5 Rxa1 10. Bxa1 Nbd7 11. bxc6 bxc6 12. O-O Re8 13. c4 e5 14.
dxe5 Ng4 15. cxd5 Ndxe5 16. Nxe5 Nxe5 17. dxc6 Nxc6 18. Bxg7 Kxg7 19. Bb5 Qxd1 20. Rxd1 Bb7 21. Rc1 Rc8 22. Bxc6 Rxc6 23. Rxc6 Bxc6 24. Nc3 h5 25. h4 Bb7 26. e4 Bc8 27. f3 f6 28.
Kf2 g5 29. Kg3 Kg6 30. Nd5 Be6 31. f4 gxh4+ 32. Kxh4 Bg4 33. g3 Bf3 34. Nc3 Kf7 35.
Kh3 Kg6 36. Kh2 Kf7 37. Kg1 Ke7 38. Kf2 Bg4 39. Nd5+ Ke6 40. Ne3 Bh3 41. Kf3 Kd6 42. f5 Ke5 43. Nc4+ Kd4 44. Nd6 Bg4+ 45. Kf4 Be2 46. Ne8 Bd3 47. Nxf6 Bc2 48. e5 Bd1 49.
e6 Ba4 50. e7 Kc5 51. e8=Q Bxe8 52. Nxe8 Kd5 53. Ng7 Kd6 54. Nxh5 Ke7 55. Kg5 Kf7 56.
f6 Kg8 57. Kg6 Kf8 58. f7 Ke7 59. Kg7 Ke6 60. f8=Q Ke5 61. Qf4+ Ke6 62. Qe4+ Kd6 63. Kf6 Kd7 64. Qd5+ Ke8 65. g4 Kf8 66. Qd8# 1-0

[Event "Early-Titled-Tuesday-Blitz-January-16-2024"]
[Site "Chess.com"]
[Date "2024.01.16"]
[Round "10"]
[White "Goryachkina"]
[Black "ilqar_74"]
[Result "0-1"]
[WhiteElo "2691"]
[BlackElo "2825"]
[TimeControl "180+1"]
[EndTime "9:58:06 PST"]
[Termination "ilqar_74 won on time"]

1. e4 c5 2. Nf3 d6 3. d4 cxd4 4.
Nxd4 Nf6 5. Nc3 e5 6. Bb5+ Bd7 7. Bxd7+ Qxd7 8. Nf5 Nxe4 9. Nxg7+ Bxg7 10. Nxe4 d5 11.
Ng3 O-O 12. O-O f5 13. f4 e4 14. c3 Nc6 15. Nh5 d4 16. cxd4 Qxd4+ 17. Kh1 Qxd1 18. Rxd1 Rfd8 19. Bd2 Bxb2 20. Rab1 Bh8 21. Be3 b6 22. g4 fxg4 23. Rg1 Rd3 24. Rbe1 Kf7 25. Rxg4 Ne7 26. f5 Bc3 27. Re2 Rd1+ 28. Bg1 Bd4 29. Rexe4 Rxg1+ 30. Rxg1 Bxg1 31. f6 Bc5 32. fxe7 Bxe7 33. Rf4+ Kg6 34.
Ng3 Rd8 35. Rg4+ Kf7 36. Rf4+ Ke8 37. Nf5 Rd1+ 38. Kg2 Rd2+ 39. Kh3 Bc5 40. Re4+ Kf7 41. a4 Kf6 42. Ng3 Bg1 43. Kg4 Bxh2 44. Nh5+ Kf7 45.
Kg5 Bd6 46. Kh6 Rh2 47. Kg5 Be7+ 48. Kg4 Rh4+ 0-1

[Event "Early-Titled-Tuesday-Blitz-January-16-2024"]
[Site "Chess.com"]
[Date "2024.01.16"]
[Round "10"]
[White "IM_ArthurDW08"]
[Black "Caroexpert"]
[Result "1-0"]
[WhiteElo "2775"]
[BlackElo "2563"]
[TimeControl "180+1"]
[EndTime "9:58:06 PST"]
[Termination "IM_ArthurDW08 won by resignation"]

1. e4 c6 2. Nc3 d5 3. Qe2 dxe4 4. Nxe4 Bf5 5. d3 e6 6. g4 Bxe4 7. dxe4 Nd7 8. Bd2 Qb6 9. O-O-O Bc5 10. Nh3 Ne7 11. Bc3 e5 12. f4 O-O-O 13. Ng5 Rdf8 14. Kb1 Ng6 15. f5 Nf4 16. Qc4 f6 17. Ne6 Nxe6 18. fxe6 Nb8 19. e7 Re8 20. g5 Na6 21. Qe6+ Kb8 22. gxf6 gxf6 23. Qxf6 Bxe7 24. Qxe5+ Ka8 25.
Qh5 Rhf8 26. Bxa6 Qxa6 27. Qxh7 Qb6 28. Rhf1 Rxf1 29. Rxf1 a6 30. h4 Qb5 31. Rf7 Qe2 32.
a3 Qd1+ 33. Ka2 Qxc2 34. Rxe7 Rxe7 35. Qxe7 Qd3 36. Qf8+ Ka7 37. Qc5+ Ka8 38. Bd4 Kb8 39. e5 Qf5 40. Qd6+ Kc8 41. e6 Qd5+ 42. Qxd5 cxd5 43. h5 1-0

[Event "Early-Titled-Tuesday-Blitz-January-16-2024"]
[Site "Chess.com"]
[Date "2024.01.16"]
[Round "10"]
[White "Grossboss19"]
[Black "GeorgiosSouleidis"]
[Result "1-0"]
[WhiteElo "2556"]
[BlackElo "2666"]
[TimeControl "180+1"]
[EndTime "9:58:08 PST"]
[Termination "Grossboss19 won on time"]

1. f4 d5 2. Nf3 Nf6 3. e3 g6 4.
Be2 Bg7 5. O-O O-O 6. Ne5 b6 7. d4 Bb7 8. c3 c5 9. Nd2 Nbd7 10.
g4 Nxe5 11. fxe5 Ne4 12. Nxe4 dxe4 13. Qe1 Rc8 14. Qg3 Qd7 15. Bd2 f6 16. exf6 exf6 17.
Be1 Kh8 18. Qg2 cxd4 19. exd4 f5 20. gxf5 gxf5 21. Bg3 Rce8 22. Qh3 Qe6 23. Bh5 Rc8 24. Rae1 Bd5 25. Rf4 Bxa2 26. Rh4 Bf6 27. Rf4 Bg5 28. Kh1 Bd5 29. Ref1 e3+ 30. Kg1 e2 31. Bxe2 Qxe2 32. R4f2 Qe3 33. Be5+ Bf6 34. Qxe3 Be4 35. Qf4 Bg7 36.
Bxg7+ Kxg7 37. Rg2+ Kf6 38. Rg3 Rg8 39. Qe5+ Kf7 40.
Qxe4 Rxg3+ 41. hxg3 1-0

[Event "Early-Titled-Tuesday-Blitz-January-16-2024"]
[Site "Chess.com"]
[Date "2024.01.16"]
[Round "10"]
[White "1mbl4"]
[Black "PavelChernomordik"]
[Result "0-1"]
[WhiteElo "2565"]
[BlackElo "2442"]
[TimeControl "180+1"]
[EndTime "9:58:09 PST"]
[Termination "PavelChernomordik won on time"]

1. e4 g6 2. d4 Bg7 3. Nf3 d6 4. c4 Bg4 5. Be2 Nc6 6. Be3 e5 7. d5 Bxf3 8. Bxf3 Nd4 9. Nc3 c5 10. O-O Ne7 11. g3 Nxf3+ 12. Qxf3 f5 13. exf5 Nxf5 14. Ne4 O-O 15. Qg4 Bf6 16. h4 Be7 17. h5 Kg7 18. Kg2 Qd7 19. Qh3 Nxe3+ 20. fxe3 Qxh3+ 21. Kxh3 Rxf1 22. Rxf1 gxh5 23. Kg2 Rf8 24. Rb1 a5 25. a3 Ra8 26. b4 axb4 27. axb4 b6 28. bxc5 bxc5 29. Rb7 Kf8 30. Rd7 Ra4 31. Nxd6 Bxd6 32.
Rxd6 Rxc4 33. Re6 e4 34. Re5 Kf7 35. Rxh5 Kg6 36. Re5 Kf6 37. Re6+ Kf7 38. Rc6 Ke7 39. Kf2 Rc2+ 0-1

[Event "Early-Titled-Tuesday-Blitz-January-16-2024"]
[Site "Chess.com"]
[Date "2024.01.16"]
[Round "10"]
[White "DeArron_Fox"]
[Black "effefe"]
[Result "1-0"]
[WhiteElo "2422"]
[BlackElo "2309"]
[TimeControl "180+1"]
[EndTime "9:58:09 PST"]
[Termination "DeArron_Fox won by checkmate"]

1. d4 Nf6 2. c4 g6 3. Nc3 Bg7 4.
e4 d6 5. f3 O-O 6. Be3 e5 7.
Nge2 a6 8. Qd2 c6 9. O-O-O Nbd7 10. Bh6 b5 11. h4 bxc4 12. h5 Qe7 13. hxg6 fxg6 14.
Bxg7 Kxg7 15. Qh6+ Kg8 16. d5 cxd5 17. Nxd5 Nxd5 18.
Rxd5 Nf6 19. Nc3 Nxd5 20. Bxc4 Be6 21. Nxd5 Qg7 22. Ne7+ Qxe7 23. Bxe6+ Kh8 24. Qxg6 Rae8 25. Bf5 Rf7 26. Kb1 Rg8 27. Qh6 Rfg7 28. g4 Rf8 29. g5 Kg8 30. g6 Rxf5 31. exf5 Qf6 32. gxh7+ Kf7 33. Qxf6+ Kxf6 34. h8=Q Kf7 35. Rh6 Rg1+ 36. Kc2 Rg2+ 37. Kb3 Rg7 38. Rh7 Kf6 39. Qxg7+ Kxf5 40. Qg4+ Kf6 41. Rh6+ Ke7 42. Qe6+ Kd8 43. Rh8+ Kc7 44. Rc8+ Kb6 45. Qxd6+ Kb5 46. Qc5# 1-0

[Event "Early-Titled-Tuesday-Blitz-January-16-2024"]
[Site "Chess.com"]
[Date "2024.01.16"]
[Round "10"]
[White "Alenzer"]
[Black "Matols"]
[Result "0-1"]
[WhiteElo "2145"]
[BlackElo "2392"]
[TimeControl "180+1"]
[EndTime "9:58:10 PST"]
[Termination "Matols won by checkmate"]

1. e4 c6 2. Nc3 d5 3. Qe2 d4 4.
Nd1 c5 5. g3 Nc6 6. d3 e5 7. f4 Bd6 8. Nf3 Nge7 9. Nf2 h5 10. Bg2 Bg4 11. h3 Bd7 12. Bd2 Qc7 13. f5 b5 14. g4 hxg4 15. hxg4 Rxh1+ 16. Nxh1 Nb4 17. Bxb4 cxb4 18. g5 Rc8 19. O-O-O b3 20. axb3 a5 21. Ng3 a4 22. Rh1 Nc6 23. bxa4 bxa4 24.
Rh8+ Bf8 25. Nh5 Ke7 26. f6+ gxf6 27. gxf6+ Kd6 28. Qd2 Be6 29. Ng7 Bg4 30. Nh4 Kc5 31. Nhf5 Nb4 32. Rh7 Kb5 33. Kb1 Qxc2+ 34. Qxc2 Rxc2 35.
Bh3 Rh2 36. Bxg4 Rxh7 37. Bd1 Rh1 38. Kc1 Nxd3+ 39. Kc2 Nb4+ 40. Kc1 d3 41. Ne8 Kc4 42. Ned6+ Bxd6 43. Nxd6+ Kd4 44. Nxf7 Kxe4 45. Nd6+ Ke3 46. f7 d2+ 47. Kb1 Rxd1# 0-1

[Event "Early-Titled-Tuesday-Blitz-January-16-2024"]
[Site "Chess.com"]
[Date "2024.01.16"]
[Round "10"]
[White "ChainedDowntohell"]
[Black "stepanosinovsky"]
[Result "1-0"]
[WhiteElo "2544"]
[BlackElo "2381"]
[TimeControl "180+1"]
[EndTime "9:58:13 PST"]
[Termination "ChainedDowntohell won on time"]

1. d4 Nf6 2. c4 g6 3. Nc3 Bg7 4. e4 O-O 5. Be2 d6 6. h4 e5 7. d5 Na6 8. h5 Nc5 9. h6 Bh8 10. Bg5 a5 11. Qc2 Bd7 12. f3 c6 13.
Nh3 cxd5 14. cxd5 a4 15. Be3 Nh5 16. g4 Ng3 17. Rg1 Nxe2 18. Qxe2 b5 19. Nf2 b4 20.
Ncd1 Qa5 21. Nd3 Bb5 22. Bxc5 dxc5 23. Qd2 Rfc8 24. Ne3 Qa6 25. Rd1 Bxd3 26. Qxd3 c4 27. Qe2 Bf6 28. d6 Bg5 29. Nf5 Rd8 30. Ne7+ Kf8 31. Nd5 Rxd6 32. Kf2 Qa7+ 33. Kg2 Qc5 34. Qe1 b3 35. a3 Rad8 36. Qc3 Bxh6 37. Qxe5 Bg7 38.
Qe7+ Kg8 39. Rh1 Rxd5 40. Qxc5 Rxc5 41. Rxd8+ Bf8 42. Rc1 Kg7 43. Rd4 c3 44. bxc3 1-0